 Dungeon Crawl Stone Soup version 0.18-a0-1197-g8004e50 (webtiles) character file.

120 Shaidar413 the Ruffian (level 4, -3/45 HPs)
             Began as a Troll Berserker on Jan 31, 2016.
             Was a Believer of Trog.
             Killed from afar by an orc wizard (8 damage)
             ... with a puff of flame
             ... on level 3 of the Dungeon.
             The game lasted 00:03:38 (1223 turns).

Shaidar413 the Ruffian (Troll Berserker)            Turns: 1223, Time: 00:03:39

Health: -3/45      AC:  5    Str: 26    XL:     4   Next: 75%
Magic:  3/3        EV: 10    Int:  3    God:    Trog [**....]
Gold:   76         SH:  0    Dex:  9    Spells: 0 memorised, 3 levels left

rFire  . . .     SeeInvis .       - Unarmed
rCold  . . .     Gourm    +     a - +0 animal skin
rNeg   . . .     Faith    .     (no shield)
rPois  .         Spirit   .     (helmet restricted)
rElec  .         Dismiss  .     (no cloak)
rCorr  .         Reflect  .     (gloves unavailable)
SustAt .         Harm     .     (boots unavailable)
MR     .....                    (no amulet)
Stlth  +.........               (no ring)
                                (no ring)

@: confused, drained, not resistant to hostile enchantments, very unstealthy
A: unfitting armour, claws 3, fast metabolism 3, gourmand, regeneration 2,
shaggy fur 1, tough skin 2
a: Berserk, Trog's Hand, Burn Spellbooks, Renounce Religion


You were on level 3 of the Dungeon.
You worshipped Trog.
Trog was pleased with you.
You were full.

You visited 1 branch of the dungeon, and saw 3 of its levels.

You collected 76 gold pieces.

Inventory:

Armour
 a - a +0 animal skin (worn)
Scrolls
 d - a scroll of enchant armour {unknown}
 g - a scroll of teleportation {unknown}
 h - a scroll of enchant weapon {unknown}
 i - 2 scrolls of identify {unknown}
 j - a scroll of amnesia {unknown}
Potions
 c - a potion of heal wounds {unknown}
 e - 4 potions of curing {unknown}
 l - a potion of magic {unknown}
Comestibles
 b - 2 bread rations
 f - 2 meat rations
 k - 2 slices of pizza


   Skills:
 + Level 3.3(2.5) Fighting
 + Level 3.4(2.7) Dodging
 + Level 3.7(3.0) Unarmed Combat


You had 3 spell levels left.
You didn't know any spells.

Dungeon Overview and Level Annotations

Branches:
Dungeon (3/15)

Altars:


Innate Abilities, Weirdness & Mutations

You are too large for most types of armour.
You have claws for hands.
Your metabolism is lightning-fast.
You like to eat raw meat.
You heal very quickly.
You are covered in fur (AC +1).
You have very tough skin (AC +2).


Message History

You barely miss the orc wizard.
The orc wizard hits you but does no damage.
You feel drained. Something hits you but does no damage.
You miss the orc wizard.
The orc wizard hits you with a dagger of draining.
* * * LOW HITPOINT WARNING * * *
You feel drained.
* * * LOW HITPOINT WARNING * * *
Something hits you but does no damage.
You bump into the rock wall.
The orc wizard hits you with a dagger of draining.
* * * LOW HITPOINT WARNING * * *
You feel drained.
* * * LOW HITPOINT WARNING * * *
Something hits you but does no damage.
You scratch the orc wizard.
The orc wizard is lightly wounded.
The orc wizard casts a spell at you. The puff of flame hits you!
You die...

#.# #.# # #.# . .
#.# .# .# #.##.#..#
#........ #.#
###{....... #.#
#.@o)...... #.#
#)####.#.## #.# #(#
# #.###.####.#
#.##.......#
#.##..≈....#
####<##.≈⌠≈.#.#
####....##.≈.≈.#...
+.................


You could see an orc wizard.

Vanquished Creatures
  An orc priest (D:3)
  Terence (D:2)
  An adder (D:2)
  2 oozes
  A worm (D:3)
  5 orcs (D:3)
  2 ball pythons (D:2)
  5 bats
  2 giant cockroaches
  2 goblins (D:2)
  5 hobgoblins
  6 kobolds
  A quokka (D:3)
  3 giant newts
  6 rats
43 creatures vanquished.

Notes
Turn   | Place    | Note
--------------------------------------------------------------
     0 | D:1      | Shaidar413 the Troll Berserker began the quest for the Orb.
     0 | D:1      | Reached XP level 1. HP: 22/22 MP: 0/0
   210 | D:1      | Reached XP level 2. HP: 29/29 MP: 1/1
   632 | D:1      | You fall through a shaft!
   632 | D:2      | Noticed Terence
   647 | D:2      | Killed Terence
   647 | D:2      | Reached XP level 3. HP: 36/36 MP: 2/2
   706 | D:2      | Reached ** piety under Trog
   936 | D:2      | Reached XP level 4. HP: 43/45 MP: 3/3
  1223 | D:3      | Killed from afar by an orc wizard

Vault maps used:
D:1:      lemuel_arrival_funnel
D:2:      minmay_crystal_water, uniq_terence
D:3:      corexii_leaking_fountain, uniq_crazy_yiuf_cottage

Action                   |  1- 3 |  4- 6 || total
-------------------------+-------+-------++-------
Melee: Unarmed           |    83 |    36 ||   119
Invok: Berserk           |     1 |       ||     1
  Eat: Chunk             |     9 |     5 ||    14
